 Dungeon Crawl Stone Soup version 0.27-a0-1502-g47ed6a6988 (webtiles) character file.

Game seed: 16553991672909101139

21203 ABBCCCDDDD the Fighter (level 13, -4/153 HPs)
             Began as a Djinni Ice Elementalist on July 8, 2021.
             Was an Initiate of Gozag.
             Killed from afar by Jorgrun (9 damage)
             ... with an iron shot
             ... on level 1 of the Orcish Mines.
             The game lasted 00:54:26 (20964 turns).

ABBCCCDDDD the Fighter (Djinni Ice Elementalist)   Turns: 20964, Time: 00:54:26

Health: -4/153     AC: 39    Str: 13    XL:     13   Next: 18%
Gold:   1974       EV: -1    Int: 21    God:    Gozag SH:  0 Dex: 15

rFire    . . .     SeeInvis .   h - +5 short sword (holy)
rCold    . . .     Faith    .   (no shield)
rNeg     + + +     Spirit   .   (armour currently unavailable)
rPois    ∞         Reflect  .   (helmet currently unavailable)
rElec    .         Harm     .   (cloak currently unavailable)
rCorr    .         Rampage  .   (gloves currently unavailable)
Will     +....     NoTele   +   (boots unavailable)
Stlth    +++.......             B - amulet of the acrobat
HPRegen  0.35/turn              e - +4 ring of protection
MPRegen  0.00/turn              u - +6 ring of strength

@: ice-armoured, tree-form (expiring), grasped by roots, constricted
A: stationary, stasis, torment immunity, boosted hp, sickness immunity, (fire
resistance 2), (cold vulnerability 1), float, innate caster, hp casting, extra
vitality 1
a: Renounce Religion, Potion Petition, Call Merchant, Bribe Branch


You were on level 1 of the Orcish Mines.
You worshipped Gozag.
Gozag was most pleased with you.
You were a tree.
You visited 4 branches of the dungeon, and saw 13 of its levels.
You also visited: Sewer and Volcano.

You collected 2350 gold pieces.
You spent 199 gold pieces at shops.
You paid 177 gold pieces to Gozag.

Inventory:

Hand Weapons
 h - a +5 short sword of holy wrath (weapon)
 x - a +2 dire flail of holy wrath
 I - a +5 war axe
 J - a +2 antimagic dagger
 M - a +2 fustibalus of flaming
Missiles
 d - 43 poisoned darts (quivered)
 w - 5 throwing nets
 F - 14 boomerangs of dispersal
 L - a curare-tipped dart
Armour
 a - a +0 kite shield
 i - +0 fire dragon scales
 q - a +0 cloak (melded)
 r - the +1 leather armour "Caomasm" {Str+8 Dex+7 Stlth-}
   (You found it on level 4 of the Dungeon)

   Str:       It affects your strength (+8).
   Dex:       It affects your dexterity (+7).
   Stlth:     It makes you less stealthy.
 y - a +2 leather armour of fire resistance (melded)
 A - a +4 ring mail of cold resistance
 E - the +2 robe of Hedonism {rPois Int+3}
   (You bought it in a shop on level 7 of the Dungeon)

   Int:       It affects your intelligence (+3).
   rPois:     It protects you from poison.
 N - a +3 scale mail of fire resistance
Jewellery
 e - a +4 ring of protection (left branch)
 g - an amulet of reflection
 u - a +6 ring of strength (right branch)
 B - an amulet of the acrobat (around neck)
Wands
 k - a wand of flame (29)
 m - a wand of iceblast (20)
Scrolls
 b - 2 scrolls of fog
 c - a scroll of vulnerability
 f - 6 scrolls of enchant weapon
 l - 3 scrolls of immolation
 s - 4 scrolls of enchant armour
 v - a scroll of silence {unknown}
 z - 2 scrolls of magic mapping {unknown}
 G - a scroll of torment {unknown}
Potions
 j - 5 potions of flight
 n - 4 potions of curing
 o - 3 potions of heal wounds
 t - a potion of lignification
 C - 2 potions of might {unknown}
 D - a potion of resistance {unknown}
 H - 2 potions of berserk rage {unknown}
 K - a potion of brilliance {unknown}
 O - a potion of haste {unknown}


   Skills:
 + Level 12.8 Fighting
 + Level 4.9 Armour
 - Level 8.0 Dodging
 - Level 4.0 Stealth
 - Level 10.0 Spellcasting
 - Level 6.0 Evocations


You had 4 spell levels left.
You knew the following spells:

 Your Spells              Type           Power      Damage    Failure   Level
a - Freeze                Ice            100%       1d11      1%          1
b - Frozen Ramparts       Ice            100%       1d12      1%          3
c - Ozocubu's Armour      Ice            51%        N/A       1%          3
d - Hailstorm             Conj/Ice       51%        3d11      1%          4
e - Pain                  Necr           100%       1d9       1%          1
f - Poisonous Vapours     Pois/Air       100%       N/A       1%          2
g - Searing Ray           Conj           100%       3d7       1%          2
h - Stone Arrow           Conj/Erth      100%       3d13      1%          3
i - Animate Armour        Summ/Erth      100%       N/A       1%          4
j - Alistair's Intoxicat  Tmut/Pois      34%        N/A       3%          5
Your spell library was empty.

Dungeon Overview and Level Annotations

Branches:
Dungeon (9/15)             Temple (1/1) D:5            Lair (2/6) D:9
    Orc (1/2) D:9           Sewer (visited)         Volcano (visited)
  Swamp: Lair:2-4    Shoals: Lair:2-4     Snake: Lair:2-4    Spider: Lair:2-4

Altars:
Ashenzari
Cheibriados
Dithmenos
Elyvilon
Fedhas
Gozag
Hepliaklqana
Kikubaaqudgha
Makhleb
Nemelex Xobeh
Okawaru
Qazlal
Ru
Sif Muna
Trog
Uskayaw
Vehumet
Wu Jian
Xom
Yredelemnul
Zin
The Shining One

Shops:
D:1 *   D:7 [

Annotations:
D:6 Maggie
Orc:1 Jorgrun


Innate Abilities, Weirdness & Mutations

You are a tree.
Your roots penetrate the ground, keeping you stationary.
You cannot be teleported.
You are immune to unholy pain and torment.
Your maximum health is greatly increased.
Your equipment is partially melded.
You are immune to sickness and miasma.
You are immune to poison.
((Your flesh is very heat resistant. (rF++)))
((You are vulnerable to cold. (rC-)))
You float through the air rather than walking.
You learn spells naturally, not from books.
Your magical power is your life essence.
You have superior vitality. (+4 HP)


Message History

Aiming: Stone Arrow (safe; 1% risk of failure)
Press: ? - help, Shift-Dir - straight line, f/p - Jorgrun
Aim: Jorgrun, wielding a +0 vorpal quarterstaff and wearing a +2 robe of resistance (severely wounded, 63% to hit)
The stone arrow hits Jorgrun!!
Jorgrun is almost dead.
Jorgrun hits you but does no damage. The grasping roots constrict you.
Casting: Stone Arrow (safe; 1% risk of failure)
Confirm with . or Enter, or press ? or * to list all spells.
Aiming: Stone Arrow (safe; 1% risk of failure)
Press: ? - help, Shift-Dir - straight line, f/p - Jorgrun
Aim: Jorgrun, wielding a +0 vorpal quarterstaff and wearing a +2 robe of resistance (almost dead, 63% to hit)
The stone arrow misses Jorgrun.
Jorgrun says, "'tis place shall be yer tomb!"
Jorgrun hits you but does no damage.
* * * LOW HITPOINT WARNING * * *
The grasping roots constrict you!
Casting: Stone Arrow (safe; 1% risk of failure)
Confirm with . or Enter, or press ? or * to list all spells.
Aiming: Stone Arrow (safe; 1% risk of failure)
Press: ? - help, Shift-Dir - straight line, f/p - Jorgrun
Aim: Jorgrun, wielding a +0 vorpal quarterstaff and wearing a +2 robe of resistance (almost dead, 63% to hit)
The stone arrow hits Jorgrun!
Jorgrun is almost dead.
* * * LOW HITPOINT WARNING * * *
Jorgrun casts a spell at you. The iron shot hits you!
* * * LOW HITPOINT WARNING * * *
x2 The grasping roots constrict you!
Casting: Stone Arrow (safe; 1% risk of failure)
Confirm with . or Enter, or press ? or * to list all spells.
Aiming: Stone Arrow (safe; 1% risk of failure)
Press: ? - help, Shift-Dir - straight line, f/p - Jorgrun
Aim: Jorgrun, wielding a +0 vorpal quarterstaff and wearing a +2 robe of resistance (almost dead, 63% to hit)
The stone arrow hits Jorgrun.
Jorgrun is almost dead.
* * * LOW HITPOINT WARNING * * *
Jorgrun points at you and mumbles some strange words.
The iron shot hits you!
You die...
Your body crumbles into a pile of gold.

## ####
###.###...##
##..........#.
#....><.......
##......$.....
#......$.....
##...♣g......
#............
#............
#..##........
#... .........
##.. .........
##. ....#....
##........
#......


You could see Jorgrun.

Vanquished Creatures
  A fire dragon (Volcano)
  Harold (D:9)
  4 hydras
  3 two-headed ogres
  A hell hog (Volcano)
  2 black mambas
  An elephant (Lair:2)
  3 cane toads
  3 rime drakes
  2 komodo dragons
  Sigmund (D:4)
  A wyvern (Lair:2)
  A vampire (D:7)
  8 fire bats (Volcano)
  21 yaks
  2 steam dragons (Volcano)
  3 basilisks
  Edmund (D:5)
  An acid dragon (D:8)
  7 water moccasins
  A hell hound (Volcano)
  2 black bears
  4 orc warriors
  A sky beast (D:7)
  4 ogres
  A centaur (D:6)
  2 phantoms
  3 kobold brigands
  10 bullfrogs
  2 gnoll sergeants (D:7)
  A wyvern zombie (D:6)
  A water moccasin zombie (D:5)
  3 water moccasin skeletons
  13 killer bees
  8 wights (D:8)
  3 howler monkeys (D:9)
  9 lava snakes (Volcano)
  A crimson imp (D:5)
  2 centaur zombies
  A gnoll shaman (D:6)
  7 orc priests
  2 hounds
  A jelly (D:7)
  4 iguanas
  9 orc wizards
  A killer bee zombie (D:7)
  A hound zombie (D:5)
  3 howler monkey zombies
  21 gnolls
  A howler monkey skeleton (D:5)
  4 adders
  An adder skeleton (D:4)
  2 worms
  7 dart slugs
  35 orcs
  4 bats
  2 endoplasms
  5 giant cockroaches
  3 goblins
  5 hobgoblins
  11 jackals
  6 quokkas
  4 ball pythons
  A frilled lizard (D:2)
  32 kobolds
  7 rats
318 creatures vanquished.

Vanquished Creatures (collateral kills)
  A rime drake (D:9)
  A water moccasin (Lair:1)
2 creatures vanquished.

Vanquished Creatures (others)
  An orc wizard (Orc:1)
  7 fungi
  65 plants
73 creatures vanquished.

Grand Total: 393 creatures vanquished

Notes
Turn   | Place    | Note
-------+----------+-------------------------------------------
     0 | D:1      | ABBCCCDDDD the Djinni Ice Elementalist began the quest for
                  | the Orb.
     0 | D:1      | Reached XP level 1. HP: 15/15 MP: 0/0
   304 | D:1      | Reached XP level 2. HP: 21/22 MP: 0/0
   338 | D:1      | Reached skill level 1 in Fighting
   808 | D:1      | Reached XP level 3. HP: 17/27 MP: 0/0
   808 | D:1      | Learned a level 1 spell: Pain
   923 | D:1      | Found Buchaa's Assorted Antiques.
  1352 | D:2      | Reached skill level 2 in Fighting
  1815 | D:2      | Reached XP level 4. HP: 17/33 MP: 0/0
  2936 | D:3      | Found a glowing drain.
  2948 | Sewer    | Entered a sewer
  3072 | Sewer    | Noticed a kobold brigand
  3104 | Sewer    | Killed a kobold brigand
  3105 | Sewer    | Reached skill level 3 in Fighting
  3105 | Sewer    | Reached XP level 5. HP: 18/40 MP: 0/0
  3105 | Sewer    | Learned a level 2 spell: Poisonous Vapours
  3435 | Sewer    | Found a white marble altar of Elyvilon.
  3545 | D:3      | Found a bloodstained altar of Trog.
  3810 | D:3      | Found a faded altar of an unknown god.
  3811 | D:3      | Noticed a great orb of eyes
  3816 | D:3      | Noticed a golden eye
  3819 | D:3      | Noticed a floating eye
  3819 | D:3      | Noticed a shining eye
  3902 | D:3      | Reached XP level 6. HP: 28/46 MP: 0/0
  4221 | D:4      | Noticed Sigmund
  4247 | D:4      | Identified the +1 leather armour "Caomasm" {Str+8 Dex+7
                  | Stlth-}
  4412 | D:4      | Noticed an ogre
  4746 | D:4      | Killed an ogre
  4747 | D:4      | Reached skill level 4 in Fighting
  4747 | D:4      | Reached XP level 7. HP: 42/52 MP: 0/0
  4747 | D:4      | Learned a level 2 spell: Searing Ray
  5397 | D:4      | Found an ornate altar of the Wu Jian Council.
  5829 | D:4      | Found a glowing golden altar of the Shining One.
  5829 | D:4      | Found an iron altar of Okawaru.
  5834 | D:4      | Found a faded altar of an unknown god.
  5836 | D:4      | Found a shadowy altar of Dithmenos.
  5837 | D:4      | Found a faded altar of an unknown god.
  6078 | D:4      | Killed Sigmund
  6198 | D:5      | Entered Level 5 of the Dungeon
  6300 | D:5      | Noticed Edmund
  6326 | D:5      | Found a shimmering altar of Xom.
  6326 | D:5      | Found a burning altar of Makhleb.
  6373 | D:5      | Killed Edmund
  6374 | D:5      | Reached XP level 8. HP: 12/58 MP: 0/0
  6664 | D:5      | Reached skill level 5 in Spellcasting
  7200 | D:5      | Reached skill level 5 in Dodging
  8222 | D:5      | Reached XP level 9. HP: 58/63 MP: 0/0
  8222 | D:5      | Learned a level 3 spell: Stone Arrow
  8831 | D:6      | Reached skill level 5 in Fighting
  9002 | D:6      | Noticed Maggie
  9419 | D:5      | Found a staircase to the Ecumenical Temple.
  9428 | Temple   | Entered the Ecumenical Temple
  9746 | Temple   | Became a worshipper of Gozag Ym Sagoz the Greedy
  9906 | D:7      | Reached skill level 6 in Fighting
 10266 | D:7      | Found a sparkling altar of Nemelex Xobeh.
 10708 | D:7      | Found Noebeb's Antique Armour Boutique.
 10746 | D:7      | Bought a shimmering robe for 199 gold pieces
 10746 | D:7      | Identified the +2 robe of Hedonism {rPois Int+3} (You
                  | bought it in a shop on level 7 of the Dungeon)
 10827 | D:7      | Reached skill level 7 in Fighting
 11390 | D:7      | Reached XP level 10. HP: 70/76 MP: 0/0
 11432 | D:7      | Noticed a two-headed ogre
 11433 | D:7      | Noticed a six-headed hydra
 11436 | D:7      | Noticed a two-headed ogre
 11445 | D:7      | Killed a two-headed ogre
 11446 | D:7      | Reached skill level 9 in Fighting
 11469 | D:7      | Killed a two-headed ogre
 11470 | D:7      | Reached skill level 10 in Fighting
 11583 | D:7      | Killed a six-headed hydra
 11871 | D:8      | Reached skill level 11 in Fighting
 12718 | D:8      | Reached XP level 11. HP: 71/87 MP: 0/0
 12718 | D:8      | Learned a level 4 spell: Animate Armour
 13767 | D:9      | Found a staircase to the Lair.
 13898 | D:9      | Reached skill level 12 in Fighting
 13904 | D:9      | Reached skill level 1 in Evocations
 14071 | D:9      | Noticed Harold
 14110 | D:9      | Killed Harold
 14395 | D:9      | Noticed a two-headed ogre
 14427 | D:9      | Killed a two-headed ogre
 14870 | D:9      | Found a staircase to the Orcish Mines.
 15654 | Lair:1   | Entered Level 1 of the Lair of Beasts
 16822 | Lair:1   | Reached skill level 5 in Evocations
 17166 | Lair:1   | Noticed a five-headed hydra
 17191 | Lair:1   | Killed a five-headed hydra
 17574 | Lair:1   | Reached XP level 12. HP: 92/95 MP: 0/0
 17949 | Lair:1   | Noticed a five-headed hydra
 17955 | Lair:1   | Killed a five-headed hydra
 18341 | Lair:2   | Noticed an eight-headed hydra
 18348 | Lair:2   | Killed an eight-headed hydra
 18398 | Lair:2   | Found a dark tunnel.
 18441 | Volcano  | Entered a volcano
 18563 | Volcano  | Reached skill level 10 in Spellcasting
 18724 | Volcano  | Noticed a hell hog
 18728 | Volcano  | Killed a hell hog
 18729 | Volcano  | Reached skill level 1 in Armour
 18763 | Volcano  | Noticed a fire dragon
 18940 | Volcano  | Killed a fire dragon
 18994 | Volcano  | Found a burning altar of Makhleb.
 20017 | Lair:2   | Reached XP level 13. HP: 53/102 MP: 0/0
 20017 | Lair:2   | Learned a level 5 spell: Alistair's Intoxication
 20936 | Orc:1    | Entered Level 1 of the Orcish Mines
 20943 | Orc:1    | Noticed Jorgrun
 20964 | Orc:1    | Killed from afar by Jorgrun

Illustrated notes

Levels and vault maps discovered:
D:1:      amcnicky_arrival_blooded_trapdoor, layout_basic, serial_shops,
          nicolae_shop_behind_doors
D:2:      layout_loops_cross
D:3:      layout_rooms, trog_book, hellmonk_ecumenical_altar_watching_god,
          portal_sewer_entry_f
D:4:      layout_layer_cave, chequers_temple_overflow_minitemple,
          amcnicky_altar_gilded, grunt_ministairs_5, uniq_sigmund
D:5:      layout_basic, grunt_temple_overflow_champion_of_chaos, temple_statues,
          roderic_st_hans_cross, hangedman_decor_diamond_cutter, uniq_edmund
D:6:      layout_rooms, uniq_maggie
D:7:      minmay_chambers_of_sixes, layout_gridville,
          nemelex_diamond_rough_becter, serial_shops, shop_statue,
          minmay_unpleasant_kobolds
D:8:      layout_cave_pods, hangedman_decor_peaks_small
D:9:      kennysheep_kobold_camp, layout_loops_ring, lair_entry_dummy,
          orc_0_dummy, uniq_harold
Temple:   dpeg_chambers_temple
Lair:1:   layout_cave_pods
Lair:2:   layout_cave_pods, minmay_shoals_entry_hut,
          lightli_volcano_entry_magma_tube, nicolae_quartered_pool_little,
          st_stairs_11, grunt_megastairs_2, uniq_gastronok
Orc:1:    layout_caves, serial_shops, nicolae_shop_trees, uniq_jorgrun

Skill      XL: |  1  2  3  4  5  6  7  8  9 10 11 12 13 |
---------------+----------------------------------------+-----
Fighting       | 1 2 3 4 7 11 12 | 12.8
Stealth        | 2 3 4 |  4.0
Spellcasting   | 4 5 7 8 10 | 10.0
Dodging        | 4 6 7 8 |  8.0
Evocations     | 5 6 |  6.0
Armour         | 3 4 |  4.9

Action                   |  1- 3 |  4- 6 |  7- 9 | 10-12 | 13-15 || total
-------------------------+-------+-------+-------+-------+-------++-------
Melee: Short sword       |     8 |    29 |    31 |    11 |     2 ||    81
       Dagger            |     1 |       |       |       |       ||     1
Throw: Dart              |       |     1 |       |     3 |     1 ||     5
 Cast: Freeze            |    49 |    41 |    23 |     3 |       ||   116
       Pain              |       |    13 |       |       |       ||    13
       Poisonous Vapours |       |    26 |    75 |    16 |       ||   117
       Searing Ray       |       |       |    23 |    17 |       ||    40
       Ozocubu's Armour  |       |       |     4 |    11 |     1 ||    16
       Stone Arrow       |       |       |    48 |   204 |    43 ||   295
       Hailstorm         |       |       |     2 |     9 |     3 ||    14
       Frozen Ramparts   |       |       |     1 |    11 |       ||    12
       Animate Armour    |       |       |       |    13 |       ||    13
Evoke: Wand              |       |     5 |       |       |       ||     5
  Use: Potion            |       |     3 |     1 |     3 |     1 ||     8
       Scroll            |       |       |     2 |     6 |     1 ||     9
 Stab: Sleeping          |     2 |     5 |     4 |     2 |       ||    13
Armor: Robe              |    11 |       |       |       |       ||    11
       Leather armour    |       |    12 |    24 |    51 |     7 ||    94
       Skin              |       |       |       |       |    13 ||    13
Dodge: Dodged            |    20 |    29 |    62 |   123 |     5 ||   239

Table legend: (Time is in decaauts)
 A = Elapsed time spent in this place.
 B = Non-inter-level travel time spent in this place.
 C = Inter-level travel time spent in this place.
 D = Time resting spent in this place.
 E = Time spent auto-exploring this place.
 F = Levels seen in this place.
 G = Mean time per level.
                   A        B        C        D        E       F      G
               +--------+--------+--------+--------+--------+-----+--------+
         Total |  20995 |  20014 |    981 |  10145 |   6702 |  15 | 1399.7 |
       Dungeon |  15431 |  14647 |    784 |   6941 |   5622 |   9 | 1714.6 |
        Temple |    339 |    206 |    133 |      0 |    204 |   1 |  339.0 |
          Lair |   3808 |   3745 |     63 |   2330 |    784 |   2 | 1904.0 |
  Orcish Mines |     28 |     28 |      0 |      0 |      2 |   1 |   28.0 |
         Sewer |    521 |    521 |      0 |    305 |     90 |   1 |  521.0 |
       Volcano |    865 |    865 |      0 |    569 |      0 |   1 |  865.0 |
               +--------+--------+--------+--------+--------+-----+--------+

Top non-repeatable levels by time:
     D:4: 2618 daAuts
     D:9: 2527 daAuts
  Lair:1: 2151 daAuts
     D:5: 2093 daAuts
     D:7: 2063 daAuts
  Lair:2: 1657 daAuts
     D:8: 1617 daAuts
     D:1: 1539 daAuts
     D:2: 1223 daAuts
     D:6: 931 daAuts
 Volcano: 865 daAuts
     D:3: 816 daAuts
   Sewer: 521 daAuts
  Temple: 339 daAuts
   Orc:1: 28 daAuts
